 Dungeon Crawl Stone Soup version 0.25-a0-62-g88673ef095 (webtiles) character file.

Game seed: 14036651060301101269, levelgen mode: deterministic

19009 Gargoyl the Nimble (level 12, -7/106 HPs)
             Began as a White Draconian Abyssal Knight on Oct 29, 2019.
             Was the Champion of Lugonu.
             Mangled by a ten-headed hydra (8 damage)
             ... on level 3 of the Lair of Beasts on Oct 30, 2019.
             The game lasted 00:27:44 (14275 turns).

Gargoyl the Nimble (DrAK)                          Turns: 14275, Time: 00:27:45

Health: -7/106     AC: 13    Str: 20    XL:     12   Next: 32%
Magic:  17/18      EV: 17    Int: 15    God:    Lugonu [******]
Gold:   668        SH:  0    Dex: 10    Spells: 13/15 levels left

rFire    . . .     SeeInvis .   q - +7 pair of quick blades "Gyre" and "Gimble" {protect}
rCold    + . .     Gourm    .   (shield currently unavailable)
rNeg     + . .     Faith    .   (armour unavailable)
rPois    .         Spirit   .   (helmet restricted)
rElec    .         Reflect  .   y - +0 cloak
rCorr    .         Harm     .   t - +1 pair of gloves
MR       +....                  n - +1 pair of boots
Stlth    ++........             (no amulet)
HPRegen  0.27/turn              f - ring of positive energy
MPRegen  0.16/turn              F - ring of protection from magic

@: no status effects
A: breathe frost, unfitting armour, blurry vision 1, clever 1, cold resistance
1, cold-blooded, AC +8
a: Breathe Frost, Depart the Abyss, Bend Space, Banish, Corrupt, Enter the
Abyss, Brand Weapon With Distortion, Renounce Religion


You were on level 3 of the Lair of Beasts.
You worshipped Lugonu.
Lugonu was exalted by your worship.
You were near starving.

You visited 2 branches of the dungeon, and saw 12 of its levels.
You visited the Abyss 1 time.
You also visited: Sewer.

You collected 668 gold pieces.

Inventory:

Hand Weapons
 a - a +5 hand axe
 q - the +7 pair of quick blades "Gyre" and "Gimble" (weapon) {protect}
   (You found it on level 6 of the Dungeon)

   It grants its wielder temporary protection when it strikes (+7 to AC).
Missiles
 v - 7 boomerangs (quivered)
Armour
 n - a +1 pair of boots (worn)
 t - a +1 pair of gloves (worn)
 y - a +0 cloak (worn)
Jewellery
 f - a ring of positive energy (left hand)
 r - an uncursed ring of positive energy
 x - an uncursed ring of protection from cold
 F - a ring of protection from magic (right hand)
Wands
 k - a wand of scattershot (5)
 w - a wand of random effects (13)
 B - a wand of paralysis (12)
 C - a wand of polymorph (10)
 G - a wand of acid (12)
Scrolls
 c - 2 scrolls of fear
 e - 5 scrolls of identify
 h - 7 scrolls of remove curse
 j - 11 scrolls of teleportation
 o - a scroll of blinking
 A - 3 scrolls of magic mapping
Potions
 d - 7 potions of curing
 g - a potion of haste
 i - 5 potions of flight
 l - 3 potions of might
 m - a potion of heal wounds
 p - 3 potions of lignification
 s - a potion of ambrosia
 u - 2 potions of agility
 z - a potion of invisibility
 D - a potion of berserk rage
 E - a potion of resistance
Comestibles
 b - 22 rations


   Skills:
 + Level 9.7 Fighting
 + Level 9.7 Short Blades
 + Level 5.7 Axes
 + Level 0.3 Throwing
 * Level 10.4 Dodging
 + Level 4.6 Stealth
 + Level 2.4 Spellcasting
 + Level 2.1 Hexes
 + Level 2.9 Ice Magic
 * Level 9.0 Invocations


You had 13 spell levels left.
You knew the following spells:

 Your Spells              Type           Power        Failure   Level  Hunger
a - Ensorcelled Hibernat  Hex/Ice        #.....       12%         2    ###....

Your spell library contained the following spells:

 Spells                   Type           Power        Failure   Level  Hunger
 Corona                   Hex            #......      9%          1    #......
 Animate Skeleton         Necr           N/A          22%         1    #......
 Flame Tongue             Conj/Fire      #....        22%         1    #......
 Pain                     Necr           #...         22%         1    #......
 Confuse                  Hex            #.......     26%         3    ###....
 Tukima's Dance           Hex            #.......     26%         3    ###....
 Throw Flame              Conj/Fire      #.....       32%         2    ###....
 Dazzling Spray           Conj/Hex       #.....       38%         3    ###....
 Inner Flame              Hex/Fire       #.......     38%         3    ###....
 Conjure Flame            Conj/Fire      #.......     54%         3    ###....
 Regeneration             Chrm/Necr      #.........   54%         3    ###....
 Vampiric Draining        Necr           #.........   54%         3    ###....
 Animate Dead             Necr           N/A          91%         4    #####..
 Sticky Flame             Conj/Fire      #.......     91%         4    #####..
 Bolt of Magma            Conj/Fire/Erth #.........   99%         5    ######.
 Fireball                 Conj/Fire      #.........   99%         5    ######.
 Iskenderun's Battlesphe  Conj/Chrm      #.......     99%         5    ######.
 Venom Bolt               Conj/Pois      #.........   99%         5    ######.
 Iron Shot                Conj/Erth      #.........   100%        6    #######
 Orb of Destruction       Conj           #.........   100%        7    #######
 Spellforged Servitor     Conj/Summ      #.........   100%        7    #######


Dungeon Overview and Level Annotations

Branches:
Dungeon (9/15)             Temple (0/1) D:5            Lair (3/6) D:8
  Snake (0/4) Lair:3        Sewer (visited)
  Swamp: Lair:2-4    Shoals: Lair:2-4       Orc: D:9-12

Altars:
Dithmenos
Hepliaklqana
Makhleb
Nemelex Xobeh
Ru
Trog
Xom
Yredelemnul
Zin
The Shining One

Shops:
D:9 (

Annotations:
D:4 1 exclusion
Lair:3 TimeIsEndless's ghost, journeyman HuFi


Innate Abilities, Weirdness & Mutations

You can breathe waves of freezing cold.
You can buffet flying creatures when you breathe cold.
Your icy white scales are hard. (AC +8)
You cannot fit into any form of body armour.
Your flesh is cold resistant. (rC+)
You are cold-blooded and may be slowed by cold attacks.
Scrolls take you a little longer to read.
Your mind is acute. (Int +2)


Message History

The 13-headed hydra bites you but does no damage.
The 13-headed hydra bites you!
* * * LOW HITPOINT WARNING * * *
The 13-headed hydra bites you.
* * * LOW HITPOINT WARNING * * *
The 13-headed hydra bites you!
* * * LOW HITPOINT WARNING * * *
The 13-headed hydra completely misses you. x3
The 13-headed hydra barely misses you. The 13-headed hydra bites you!
* * * LOW HITPOINT WARNING * * *
The 13-headed hydra bites you but does no damage.
The 13-headed hydra bites you.
* * * LOW HITPOINT WARNING * * *
The 13-headed hydra closely misses you.
Okay, then.
Really read with blurry vision while enemies are nearby?
The ten-headed hydra bites you.
* * * LOW HITPOINT WARNING * * *
The ten-headed hydra barely misses you. The ten-headed hydra bites you!
You die...

..≈≈≈..P..≈≈≈...............##
..≈≈≈≈.≈.≈≈≈≈...............##
#P#P≈≈≈≈≈≈≈.##..##....#.##...#
####.≈≈≈≈≈..#P...###..#.P....#
##.....P###..............##
#.#...#####.......##.#....##
##...## #.........###.....#
###..# ##.........##....##
####...######...@..###.##.....#
#.......P#.##..WDD..#........##
#.................P##........#
............#.....##.........#
.............#....###........#
#...........##....#.#........##
.>.....P#...#................P#
.......###..###.....#.........#
#........#######....#........##


You could see a 13-headed hydra, a ten-headed hydra and TimeIsEndless's ghost.

Vanquished Creatures
  The ghost of iVAG the Devastator, a journeyman TeCj of Vehumet (Lair:2)
  A hydra (Lair:3)
  Harold (D:8)
  A two-headed ogre (D:7)
  A deep elf mage (D:8)
  2 black mambas
  4 spiny frogs
  2 komodo dragons (Lair:1)
  A troll (D:9)
  2 hippogriffs
  12 blink frogs
  A spriggan (D:7)
  A wyvern (Lair:2)
  18 yaks
  3 basilisks
  A steam dragon (D:9)
  2 wargs
  Menkaure (D:3)
  10 water moccasins
  A porcupine (Lair:1)
  A phantom (D:8)
  4 black bears
  4 orc warriors
  2 sky beasts (D:8)
  3 ice beasts
  13 wolves
  2 ogres
  3 crocodiles
  3 centaurs
  A big kobold (D:7)
  13 bullfrogs
  Blork the orc (D:6)
  A scorpion (D:7)
  5 killer bees (D:8)
  4 wights (D:7)
  An electric eel (Lair:3)
  2 crimson imps
  A bullfrog zombie (D:8)
  2 quasits (D:5)
  2 orc priests (D:8)
  7 hounds
  3 iguanas
  14 orc wizards
  A bullfrog skeleton (D:8)
  Terence (D:3)
  A merfolk siren (Sewer)
  5 worker ants
  A merfolk avatar (Sewer)
  A hound skeleton (D:8)
  A worker ant zombie (D:6)
  A howler monkey skeleton (D:4)
  11 adders
  2 river rats (Sewer)
  2 oozes (D:1)
  2 adder skeletons
  An adder zombie (D:7)
  3 worms
  2 dart slugs (D:2)
  5 leopard geckos
  34 orcs
  6 ball pythons
  7 giant cockroaches
  6 goblins
  8 hobgoblins
  16 jackals
  6 quokkas
  8 bats
  9 frilled lizards
  A jackal zombie (D:7)
  9 kobolds
  3 leopard gecko skeletons
  23 rats
334 creatures vanquished.

Vanquished Creatures (others)
  2 hippogriffs (D:9)
  A fungus (Lair:2)
  4 plants (Lair:3)
7 creatures vanquished.

Grand Total: 341 creatures vanquished

Notes
Turn   | Place    | Note
-------+----------+-------------------------------------------
     0 | Abyss:1  | Gargoyl the Draconian Abyssal Knight began the quest for
                  | the Orb.
     0 | Abyss:1  | Reached XP level 1. HP: 19/19 MP: 2/2
    27 | Abyss:1  | Found a corrupted altar of Lugonu.
    39 | Abyss:1  | Found a corrupted altar of Lugonu.
    46 | Abyss:1  | Found a corrupted altar of Lugonu.
   151 | Abyss:1  | Noticed a tentacled monstrosity
   154 | Abyss:1  | Noticed a worldbinder
   184 | D:1      | Escaped the Abyss
   214 | D:1      | Reached XP level 2. HP: 26/26 MP: 3/3
   224 | D:1      | Reached * piety under Lugonu
   452 | D:1      | Reached XP level 3. HP: 33/33 MP: 4/4
   975 | D:2      | Found a basalt altar of Yredelemnul.
   975 | D:2      | Found a hazy altar of Hepliaklqana.
   975 | D:2      | Found a glowing golden altar of the Shining One.
   992 | D:2      | Found a sparkling altar of Nemelex Xobeh.
  1314 | D:2      | Found a bloodstained altar of Trog.
  1621 | D:3      | Reached XP level 4. HP: 19/40 MP: 5/5
  1920 | D:3      | Noticed Terence
  1943 | D:3      | Killed Terence
  1943 | D:3      | Reached skill level 3 in Dodging
  1987 | D:3      | Reached ** piety under Lugonu
  2867 | D:4      | Noticed Menkaure
  2881 | D:3      | Killed Menkaure
  2881 | D:3      | Reached XP level 5. HP: 21/46 MP: 7/7
  3073 | D:4      | Upgraded the game from 0.25-a0-61-g63109bb16d to
                  | 0.25-a0-62-g88673ef095
  3080 | D:4      | Reached XP level 6. HP: 42/52 MP: 8/8
  3330 | D:4      | Reached skill level 4 in Dodging
  3511 | D:4      | Gained mutation: Your magical capacity is low. (-10% MP)
                  | [potion of mutation]
  3511 | D:4      | Gained mutation: Your tail ends in a poisonous barb.
                  | [potion of mutation]
  3511 | D:4      | Gained mutation: Your spells are a little harder to cast,
                  | but a little more powerful. [potion of mutation]
  3769 | D:4      | Found a sacrificial altar of Ru.
  4239 | D:5      | Entered Level 5 of the Dungeon
  4429 | D:5      | Found a glowing drain.
  4439 | Sewer    | Entered a sewer
  4932 | Sewer    | Your scales start taking on an icy white colour.
  4932 | Sewer    | Reached XP level 7. HP: 41/60 MP: 8/8
  4932 | Sewer    | Gained mutation: Your flesh is cold resistant. (rC+) [White
                  | Draconian growth]
  5088 | Sewer    | Reached *** piety under Lugonu
  5709 | D:5      | Reached skill level 1 in Stealth
  5828 | D:5      | Found a shimmering altar of Xom.
  6274 | D:5      | Found a staircase to the Ecumenical Temple.
  6322 | D:6      | Reached skill level 5 in Axes
  6324 | D:6      | Found the +7 pair of quick blades "Gyre" and "Gimble"
                  | {protect}
  6362 | D:5      | Reached skill level 5 in Dodging
  6596 | D:6      | Noticed Blork the orc
  6602 | D:6      | Killed Blork the orc
  6602 | D:6      | Reached skill level 1 in Short Blades
  6602 | D:6      | Reached XP level 8. HP: 67/67 MP: 9/9
  6608 | D:6      | Reached skill level 6 in Dodging
  6736 | D:6      | Learned a level 2 spell: Ensorcelled Hibernation
  6775 | D:7      | Reached skill level 5 in Fighting
  6941 | D:7      | Found a burning altar of Makhleb.
  6947 | D:7      | Found a glowing silver altar of Zin.
  6947 | D:7      | Noticed an angel
  6947 | D:7      | Noticed an Executioner
  7015 | D:7      | Reached **** piety under Lugonu
  7198 | D:7      | Reached skill level 5 in Invocations
  7362 | D:7      | Reached XP level 9. HP: 74/74 MP: 11/11
  7529 | D:8      | Noticed a two-headed ogre
  7620 | D:7      | Killed a two-headed ogre
  7620 | D:7      | Reached skill level 5 in Short Blades
  7620 | D:7      | Reached skill level 7 in Dodging
  7620 | D:7      | Reached skill level 1 in Spellcasting
  7620 | D:7      | Reached skill level 1 in Ice Magic
  7632 | D:7      | Reached skill level 1 in Hexes
  7838 | D:8      | Reached ***** piety under Lugonu
  7957 | D:8      | Found a staircase to the Lair.
  8174 | D:8      | Reached XP level 10. HP: 67/83 MP: 13/13
  8722 | D:8      | Noticed Harold
  8741 | D:8      | Killed Harold
  8741 | D:8      | Reached skill level 8 in Dodging
  8760 | D:8      | Noticed a deep elf mage
  8766 | D:8      | Killed a deep elf mage
  9125 | D:9      | Found Iviot's Weapon Boutique.
  9886 | D:9      | Found a shadowy altar of Dithmenos.
 10126 | D:9      | Found a shadowy altar of Dithmenos.
 10346 | Lair:1   | Entered Level 1 of the Lair of Beasts
 10652 | Lair:1   | Noticed a spiny frog
 10674 | Lair:1   | Killed a spiny frog
 10684 | Lair:1   | Lost mutation: Your spells are a little harder to cast, but
                  | a little more powerful. [potion of mutation]
 10684 | Lair:1   | Lost mutation: Your tail ends in a poisonous barb. [potion
                  | of mutation]
 10684 | Lair:1   | Gained mutation: You expend magic power (3 MP) to
                  | strengthen your wands. [potion of mutation]
 10684 | Lair:1   | Lost mutation: You expend magic power (3 MP) to strengthen
                  | your wands. [potion of mutation]
 10684 | Lair:1   | Gained mutation: You have large cloven feet. [potion of
                  | mutation]
 10685 | Lair:1   | Lost mutation: You have large cloven feet. [potion of
                  | mutation]
 10685 | Lair:1   | Lost mutation: Your magical capacity is low. (-10% MP)
                  | [potion of mutation]
 10685 | Lair:1   | Gained mutation: Scrolls take you a little longer to read.
                  | [potion of mutation]
 10685 | Lair:1   | Gained mutation: Your mind is acute. (Int +2) [potion of
                  | mutation]
 10727 | Lair:1   | Reached XP level 11. HP: 92/92 MP: 16/16
 11218 | Lair:1   | Found the +8 whip "Snakebite" {curare, rPois}
 11473 | Lair:1   | Reached skill level 9 in Dodging
 11908 | Lair:2   | Found a sparkling altar of Nemelex Xobeh.
 12660 | Lair:2   | Found a runed translucent door.
 12667 | Lair:2   | Noticed iVAG's ghost (journeyman TeCj)
 13026 | Lair:2   | Killed iVAG's ghost
 13077 | Lair:3   | Reached XP level 12. HP: 104/104 MP: 18/18
 13365 | Lair:3   | Found a staircase to the Snake Pit.
 13503 | Lair:3   | Found a runed translucent gate.
 13504 | Lair:3   | Found a runed translucent gate.
 13505 | Lair:3   | Found a runed translucent gate.
 13505 | Lair:3   | Noticed a ten-headed hydra
 13530 | Lair:3   | Reached skill level 10 in Dodging
 13542 | Lair:3   | Reached ****** piety under Lugonu
 13761 | Lair:3   | Noticed a seven-headed hydra
 13773 | Lair:3   | Killed a seven-headed hydra
 13810 | Lair:3   | Noticed a 13-headed hydra
 13810 | Lair:3   | Noticed TimeIsEndless's ghost (journeyman HuFi)
 14274 | Lair:3   | HP: 2/106 [13-headed hydra (6)]
 14275 | Lair:3   | Mangled by a ten-headed hydra

Levels and vault maps discovered:
D:1:      onia_arrival_handbag, layout_loops_ring
D:2:      layout_rooms, nicolae_overflow_quartered_altars, first_ration,
          trog_book
D:3:      layout_basic, uniq_terence
D:4:      layout_loops_ring, nicolae_ru_the_path_less_chosen,
          chequers_serial_rivers_room_b, minivault_5, minmay_liquid_box,
          uniq_menkaure
D:5:      layout_gridville, xom_teletrap_fun, minmay_temple_entry_fiery,
          cheibrodos_sewer_entry_drain, kennysheep_cluttered_room
D:6:      layout_rooms, uniq_blork_the_orc
D:7:      layout_rooms, grunt_temple_overflow_order_and_chaos_2, the_bakery
D:8:      minmay_general_purpose_star, layout_rooms, erik_lair_orcish_takeover,
          uniq_harold
D:9:      minmay_flawed_box, layout_loops_ring, grunt_dithmenos_smoke,
          basic_altar, serial_shops, nicolae_shop_stone, lemuel_flame_loot_1
Lair:1:   minmay_guarded_unrand_snakebite, layout_regular_city,
          patterned_corridor, grunt_megastairs_2
Lair:2:   layout_cave_shapes, ebering_ghost_inner_flame, basic_altar,
          grunt_megastairs_4
Lair:3:   layout_gridlike, guppyfry_snake_entry_island,
          gammafunk_ghost_hydra_chop

Skill      XL: |  1  2  3  4  5  6  7  8  9 10 11 12 |
---------------+-------------------------------------+-----
Fighting       | 4 5 6 7 9 |  9.7
Axes           | 3 4 5 |  5.7
Dodging        | 3 4 5 6 7 8 9 10 | 10.4
Invocations    | 3 4 5 6 7 8 9 |  9.0
Stealth        | 1 2 4 |  4.6
Short Blades   | 1 3 6 8 9 |  9.7
Spellcasting   | 1 2 |  2.4
Ice Magic      | 1 2 |  2.9
Hexes          | 1 2 |  2.1
Throwing       | |  0.3

Action                   |  1- 3 |  4- 6 |  7- 9 | 10-12 || total
-------------------------+-------+-------+-------+-------++-------
Melee: Hand axe          |   110 |   258 |   139 |       ||   507
       Tailslap          |     8 |    25 |    32 |    63 ||   128
       Pair of quick bla |       |       |   227 |   532 ||   759
Throw: Boomerang         |       |       |       |     2 ||     2
 Cast: Ensorcelled Hiber |       |       |     6 |    10 ||    16
Invok: Depart the Abyss  |     1 |       |       |       ||     1
       Bend Space        |       |       |     2 |       ||     2
 Abil: Breathe Frost     |       |       |    16 |    15 ||    31
  Use: Potion            |     3 |     5 |     1 |     3 ||    12
       Scroll            |     5 |     4 |    11 |    12 ||    32
 Stab: Invisible         |       |     4 |       |       ||     4
       Sleeping          |       |       |     2 |     4 ||     6
  Eat: Chunk             |     2 |     7 |    15 |    21 ||    45
       Ration            |       |     1 |       |       ||     1
Armor: Skin              |    46 |    84 |   155 |    97 ||   382
Dodge: Dodged            |   100 |   228 |   311 |   240 ||   879

Table legend:
 A = Non-vault XP
 B = Vault XP
 C = Vault XP percentage of total XP
 D = Non-vault monster count
 E = Vault monster count
 F = Vault count percentage of total count
                 A         B        C        D         E       F
            +---------+---------+-------+---------+---------+-------
      Total |   20295 |    6861 |  25.3 |     251 |      83 |  24.9
            +---------+---------+-------+---------+---------+-------
        D:1 |      44 |      11 |  20.0 |      23 |       4 |  14.8
        D:2 |      36 |       0 |   0.0 |      11 |       0 |   0.0
        D:3 |      51 |     208 |  80.3 |      18 |       2 |  10.0
        D:4 |     186 |       0 |   0.0 |      16 |       0 |   0.0
        D:5 |     367 |       6 |   1.6 |      18 |       2 |  10.0
        D:6 |     472 |      94 |  16.6 |      12 |       1 |   7.7
        D:7 |    2310 |     529 |  18.6 |      36 |       4 |  10.0
        D:8 |    2097 |    1549 |  42.5 |      35 |      10 |  22.2
        D:9 |    1221 |     271 |  18.2 |      16 |       7 |  30.4
     Lair:1 |    3907 |    2022 |  34.1 |      19 |      12 |  38.7
     Lair:2 |    4673 |    1990 |  29.9 |      25 |       4 |  13.8
     Lair:3 |    4931 |       0 |   0.0 |      22 |       0 |   0.0
      Sewer |       0 |     181 | 100.0 |       0 |      37 | 100.0
            +---------+---------+-------+---------+---------+-------
